 Dungeon Crawl Stone Soup version 0.25-a0-578-gc91f01c39c (webtiles) character file.

Game seed: 10707443215976924831, levelgen mode: deterministic

8 surprisetrex the Firebug (level 2, 0/22 HPs)
             Began as a Draconian Fire Elementalist on Mar 5, 2020.
             Slain by an ooze (2 damage)
             ... on level 1 of the Dungeon.
             The game lasted 00:02:23 (325 turns).

surprisetrex the Firebug (DrFE)                      Turns: 325, Time: 00:02:24

Health: 0/22       AC:  4    Str: 10    XL:     2   Next: 0%
Magic:  0/5        EV: 12    Int: 15    God:
Gold:   14         SH:  0    Dex: 11    Spells: 4/5 levels left

rFire    . . .     SeeInvis .   f - +0 short sword
rCold    . . .     Gourm    .   (no shield)
rNeg     . . .     Faith    .   (armour unavailable)
rPois    .         Spirit   .   (helmet restricted)
rElec    .         Reflect  .   (no cloak)
rCorr    .         Harm     .   (no gloves)
MR       .....                  (no boots)
Stlth    ++........             (no amulet)
HPRegen  0.07/turn              (no ring)
MPRegen  0.09/turn              (no ring)

@: very slightly contaminated
A: unfitting armour, cold-blooded, AC +4
a: no special abilities


You were on level 1 of the Dungeon.
You were not hungry.

You visited 1 branch of the dungeon, and saw 1 of its levels.

You collected 14 gold pieces.

Inventory:

Hand Weapons
 f - a +0 short sword (weapon)
Scrolls
 d - a scroll of enchant armour {unknown}
Potions
 a - 2 potions of haste {unknown}
 e - 2 potions of heal wounds {unknown}
Comestibles
 b - a ration
 c - 3 chunks of flesh


   Skills:
 + Level 0.6 Fighting
 - Level 1.7 Dodging
 - Level 1.7 Stealth
 - Level 2.0 Spellcasting
 * Level 1.6 Conjurations
 + Level 3.1 Fire Magic


You had 4 spell levels left.
You knew the following spells:

 Your Spells              Type           Power        Failure   Level  Hunger
a - Foxfire               Conj/Fire      #...         9%          1    #......

Your spell library contained the following spells:

 Spells                   Type           Power        Failure   Level  Hunger
 Conjure Flame            Conj/Fire      #.......     26%         3    ###....
 Inner Flame              Hex/Fire       #.......     34%         3    ###....
 Sticky Flame             Conj/Fire      #.......     63%         4    #####..
 Fireball                 Conj/Fire      #.........   93%         5    ######.


Dungeon Overview and Level Annotations

Branches:
Dungeon (1/15)

Altars:


Innate Abilities, Weirdness & Mutations

Your plain brown scales are hard. (AC +4)
You cannot fit into any form of body armour.
You are cold-blooded and may be slowed by cold attacks.


Message History

Confirm with . or Enter, or press ? or * to list all spells.
You don't have enough magic to cast that spell.
You hit the gnoll.
The gnoll is almost dead.
The ooze barely misses you. The gnoll hits you with a +0 club.
* * * LOW HITPOINT WARNING * * *
The ooze hits you.
* * * LOW HITPOINT WARNING * * *
Some of the chunks of flesh in your inventory have rotted away.
Casting: Foxfire (safe; 9% risk of failure)
Confirm with . or Enter, or press ? or * to list all spells.
You miscast Foxfire.
You are very lightly contaminated with residual magic.
The air around you crackles with energy!
The ooze hits you.
* * * LOW HITPOINT WARNING * * *
Casting: Foxfire (safe; 9% risk of failure)
Confirm with . or Enter, or press ? or * to list all spells.
You conjure some foxfire!
The ooze hits you.
You die...

..†......# #.# #.#
##.#.....###.# #.#
##...##÷..##.# #.#
####.##.#.##.#####.#
####..g.#..........#
......#####..####.##
####....#....## #.#
#.....g#.....###v##
......#...###.gJ@v.#
##.....#.## #.#.#..#
#..#.###. ##......#
#..... ###.#.#.#.#
##.#### ##.....##
.>.# #..# #.#.#.#
...# #..# #....##
#..# #..# #.####
#..## #..# #)#


You could see a gnoll and an ooze.

Vanquished Creatures
  2 bats (D:1)
  A giant cockroach (D:1)
  A goblin (D:1)
  A hobgoblin (D:1)
  A frilled lizard (D:1)
  A kobold (D:1)
  A rat (D:1)
8 creatures vanquished.

Vanquished Creatures (others)
  25 foxfires (D:1)
25 creatures vanquished.

Grand Total: 33 creatures vanquished

Notes
Turn   | Place    | Note
-------+----------+-------------------------------------------
     0 | D:1      | surprisetrex the Draconian Fire Elementalist began the
                  | quest for the Orb.
     0 | D:1      | Reached XP level 1. HP: 14/14 MP: 3/3
   257 | D:1      | Reached XP level 2. HP: 20/22 MP: 0/5
   325 | D:1      | Slain by an ooze

Levels and vault maps discovered:
D:1:      minmay_arrival_four_houses, layout_loops_ring, hangedman_glass_teeth,
          hex_tiny, minmay_pentomino_o4

Action                   || total
-------------------------++-------
Melee: Unarmed           ||     2
       Tailslap          ||     1
       Short sword       ||     1
 Cast: Foxfire           ||    21
Armor: Skin              ||     4
Dodge: Dodged            ||    10

Table legend:
 A = Non-vault XP
 B = Vault XP
 C = Vault XP percentage of total XP
 D = Non-vault monster count
 E = Vault monster count
 F = Vault count percentage of total count
                 A         B        C        D         E       F
            +---------+---------+-------+---------+---------+-------
      Total |       9 |       3 |  25.0 |       6 |       2 |  25.0
            +---------+---------+-------+---------+---------+-------
        D:1 |       9 |       3 |  25.0 |       6 |       2 |  25.0
            +---------+---------+-------+---------+---------+-------
